Map: Ruby Rock LE

Players

Zoun

  • Race: Protoss Protoss
  • League: Master
  • Spawn Location: 5:00

SZNightMare (NightMare) - Winner!

  • Race: Protoss Protoss
  • League: Master
  • Spawn Location: 11:00

VOD

Have the link to the VOD?

Description

Time

  • Played on: Jan. 30, 2026, 8:50 a.m.
  • Length: 10:41
Show
View Real Time Build Order
Export as new Build Order

Zoun Protoss 

Build Orders: Oracle Opening 

Get SALT Encoding   

  12  0:00  Probe  
  13  0:12  Probe  
  14  0:16  Pylon  
  14  0:23  Probe  
  15  0:31  Probe  
  15  0:36  Gateway  
  15  0:39  Probe  
  16  0:45  Assimilator  
  17  0:50  Probe  
  17  0:54  Assimilator  
  18  0:59  Probe  
  19  1:07  Probe, Gateway  
  20  1:17  Probe  
  20  1:23  Cybernetics Core  
  21  1:29  Probe  
  22  1:33  Pylon  
  22  1:41  Probe  
  23  1:53  Probe  
  24  1:57  Stalker x2  
  24  2:00  Warp Gate  
  28  2:11  Pylon  
  28  2:15  Probe  
  29  2:24  Stalker  
  29  2:26  Stalker  
  33  2:47  Stargate  
  32  2:55  Stalker x2  
  34  3:02  Pylon  
  36  3:09  Gateway  
  36  3:16  Shield Battery  
  36  3:25  Oracle  
  36  3:29  Nexus  
  36  3:38  Probe  
  40  3:46  Probe  
  40  3:54  Probe  
  41  4:01  Stalker  
  40  4:04  Stalker  
  40  4:05  Probe  
  41  4:15  Twilight Council  
  41  4:17  Probe  
  42  4:28  Blink  
  42  4:30  Probe  
  43  4:38  Probe x2  
  43  4:42  Adept x2  
  49  4:46  Probe x2  
  51  4:55  Probe  
  51  4:56  Probe  
  53  5:07  Probe  
  53  5:08  Gateway x2  
  53  5:11  Probe  
  55  5:22  Probe  
  55  5:25  Stalker x2  
  60  5:31  Probe  
  61  5:35  Probe  
  61  5:36  Pylon  
  62  5:47  Nexus  
  62  5:48  Pylon  
  62  5:52  Pylon  
  62  5:54  Probe  
  62  5:55  Stalker  
  62  5:56  Stalker  
  67  6:01  Probe  
  67  6:02  Stalker  
  70  6:07  Stalker  
  70  6:10  Probe, Assimilator  
  73  6:15  Probe  
  73  6:16  Shield Battery  
  74  6:22  Probe  
  74  6:24  Forge  
  75  6:26  Sentry  
  75  6:27  Charge, Probe  
  78  6:34  Probe  
  78  6:39  Probe  
  80  6:41  Pylon  
  80  6:46  Probe  
  79  6:51  Probe, Gateway  
  79  6:52  Gateway  
  79  6:54  Protoss Ground Weapons Level 1  
  78  6:56  Gateway  
  78  6:58  Probe  
  78  6:59  Gateway, Probe  
  80  7:07  Sentry x2  
  84  7:09  Shield Battery  
  84  7:14  Stalker  
  86  7:16  Stalker  
  86  7:20  Pylon  
  86  7:22  Probe x2  
  90  7:23  Probe  
  91  7:36  Stalker x2  
  84  7:38  Probe  
  84  7:42  Stalker x2  
  79  7:45  Probe  
  79  7:51  Stalker  
  76  7:56  Zealot x3  
  76  7:57  Probe  
  76  7:58  Probe x2  
  76  8:00  Zealot x2  
  76  8:05  Stalker  
  76  8:09  Probe  
  76  8:10  Probe  
  67  8:13  Stalker  
  67  8:19  Zealot  
  68  8:21  Zealot  
  68  8:24  Stalker  
  67  8:28  Probe x2  
  67  8:29  Probe  
  64  8:37  Probe  
  64  8:38  Stalker x2, Probe  
  69  8:46  Probe  
  70  8:48  Stalker  
  70  8:49  Stalker  
  70  8:53  Zealot  
  77  8:58  Stalker  
  77  9:01  Stalker  
  81  9:07  Zealot x3  
  87  9:15  Robotics Facility  
  87  9:18  Pylon  
  87  9:25  Zealot x4  
  93  9:31  Sentry  
  93  9:32  Zealot x2  
  93  9:34  Stalker  
  101  9:39  Pylon  
  101  9:45  Zealot, Pylon  
  103  9:46  Zealot  
  104  9:53  Zealot x4  
  103  10:07  Stalker x4  
  106  10:20  Zealot x4  
  104  10:21  Probe  
Show
View Real Time Build Order
Export as new Build Order

SZNightMare Protoss - Winner!

Build Orders: Blink Stalkers 

Get SALT Encoding   

  12  0:00  Probe  
  13  0:12  Probe  
  14  0:17  Pylon  
  14  0:24  Probe  
  15  0:32  Probe  
  15  0:36  Gateway  
  15  0:40  Probe  
  16  0:45  Assimilator  
  17  0:50  Probe  
  17  0:54  Assimilator  
  18  1:00  Probe  
  19  1:06  Gateway  
  19  1:08  Probe  
  19  1:17  Probe  
  20  1:24  Cybernetics Core  
  21  1:29  Probe  
  22  1:35  Pylon  
  22  1:41  Probe  
  23  1:53  Probe  
  24  1:57  Warp Gate  
  24  1:58  Stalker  
  24  2:01  Sentry  
  28  2:06  Pylon  
  28  2:24  Stalker  
  28  2:25  Stalker  
  31  2:49  Nexus  
  31  2:54  Pylon  
  31  2:55  Probe  
  32  3:01  Sentry x2  
  36  3:07  Probe  
  37  3:13  Shield Battery  
  37  3:19  Probe  
  38  3:25  Twilight Council  
  38  3:31  Probe  
  39  3:34  Blink  
  39  3:43  Probe  
  39  3:47  Stalker x2  
  44  3:55  Probe  
  41  4:05  Probe  
  41  4:07  Probe  
  43  4:11  Stalker  
  45  4:17  Probe  
  45  4:20  Probe, Stalker  
  49  4:29  Probe  
  49  4:32  Probe  
  49  4:35  Stalker  
  52  4:41  Probe  
  52  4:42  Gateway  
  52  4:44  Probe, Stalker  
  56  4:51  Pylon  
  56  4:53  Probe  
  56  4:56  Probe  
  57  5:02  Stalker  
  57  5:05  Probe  
  60  5:08  Probe  
  60  5:09  Stalker  
  63  5:18  Robotics Facility  
  63  5:21  Probe x2  
  65  5:22  Assimilator  
  65  5:26  Gateway  
  65  5:33  Probe  
  65  5:34  Probe, Pylon  
  67  5:45  Nexus  
  67  5:49  Stalker  
  69  5:55  Shield Battery, Stalker  
  71  5:57  Stalker  
  71  6:00  Shield Battery  
  73  6:04  Observer  
  73  6:06  Probe, Pylon  
  75  6:13  Stalker  
  75  6:16  Probe  
  78  6:24  Probe  
  79  6:28  Adept x2  
  79  6:30  Stalker, Probe  
  79  6:32  Pylon  
  86  6:34  Forge  
  86  6:43  Protoss Ground Weapons Level 1  
  86  6:50  Stalker x3, Probe x2  
  94  6:55  Pylon  
  94  6:57  Stalker  
  96  7:01  Probe  
  96  7:02  Probe x2  
  99  7:15  Stalker x3  
  105  7:16  Probe x2  
  105  7:20  Stalker  
  109  7:24  Gateway  
  101  7:37  Charge  
  101  7:41  Gateway  
  101  7:42  Gateway  
  99  7:45  Gateway  
  91  7:58  Stalker x4  
  91  7:59  Observer  
  91  8:02  Pylon  
  91  8:03  Pylon  
  74  8:29  Stalker x4, Probe  
  74  8:30  Probe x2  
  81  8:37  Stalker, Zealot  
  81  8:38  Zealot  
  81  8:40  Nexus  
  87  8:41  Assimilator  
  87  8:42  Pylon  
  87  8:45  Warp Prism, Zealot  
  89  8:48  Gateway  
  89  8:52  Zealot x4, Gateway  
  99  9:04  Zealot x2  
  99  9:05  Zealot  
  99  9:09  Zealot  
  107  9:14  Templar Archives  
  107  9:20  Zealot x3  
  113  9:29  Zealot x4  
  113  9:31  Zealot  
  123  9:36  Pylon  
  123  9:37  Pylon  
  123  9:58  High Templar x2  
  123  9:59  Zealot x7  
  135  10:03  Zealot, Archon  
  119  10:21  Zealot x5  
  119  10:25  Zealot x3  
Tags
 
Add a new tag
Caveats
  • Supply blocks, unpowered buildings, or Contaminate may cause inaccurate times.
  • Supply counts are checked every 10 seconds.